 Dungeon Crawl Stone Soup version 0.32-a0-876-gcfddb08e57 (webtiles) character file.

Game seed: 526395294199482421

37 pokedragonboy the Sneak (level 3, -16/29 HPs)
             Began as a Coglin Delver on Apr 2, 2024.
             Demolished by a gnoll bouda
             ... wielding a +0 whip of electrocution
              (17 damage)
             ... on level 5 of the Dungeon.
             The game lasted 00:00:51 (193 turns).

pokedragonboy the Sneak (Coglin Delver)              Turns: 193, Time: 00:00:51

Health: -16/29     AC:  3    Str: 14    XL:     3   Next: 39%
Magic:  3/3        EV: 11    Int:  9    God:
Gold:   0          SH:  0    Dex: 15    Spells: 2/2 levels left

rFire   . . .        a - +0 hand axe {Busisiwe}
rCold   . . .        h - +0 dagger {Shedsu-nefertum}
rNeg    . . .        b - +0 leather armour
rPois   .            (no helmet)
rElec   .            (no cloak)
rCorr   .            (no gloves)
SInv    .            (no boots)
Will    .....        (amulet unavailable)
Stlth   ++           (ring unavailable)
HPRegen 0.24/turn    (ring unavailable)
MPRegen 0.08/turn    (no gizmo)

%: no passive effects
@: revved
A: off-hand wielding, slow wielding, warmup strikes, no jewellery
a: Invent Gizmo


You were on level 5 of the Dungeon.
You visited 1 branch of the dungeon, and saw 1 of its levels.

Inventory:

Hand Weapons
 a - a +0 hand axe (weapon) {Busisiwe}
 h - a +0 dagger (offhand) {Shedsu-nefertum}
Armour
 b - a +0 leather armour (worn)
Wands
 g - a wand of digging (3)
Scrolls
 c - 2 scrolls of fog
 d - a scroll of revelation
 e - a scroll of fear
Potions
 f - a potion of haste


   Skills:
 + Level 3.4 Fighting
 + Level 2.5 Axes
 + Level 2.2 Dodging
 + Level 4.3 Stealth


You had 2 spell levels left.
You didn't know any spells.
Your spell library was empty.

Dungeon Overview and Level Annotations

Branches:
Dungeon (5/15)
 Temple: D:4-7

Altars:


Innate Abilities, Weirdness & Mutations

You can wield a second weapon in your off-hand.
It takes a long time for you to wield or remove held weapons.
Your first few attacks do less damage.
You cannot equip rings or amulets.


Message History

The hound closely misses you.
The iguana hisses angrily.
You hit the hound but do no damage.
The hound is severely wounded.
You hit the hound with your +0 hand axe.
You hit the orc with your +0 hand axe.
You kill the orc!
The hound completely misses you.
You have reached level 2!
You closely miss the hound with your +0 dagger.
The hound is almost dead.
You hit the hound with your +0 hand axe.
You kill the hound!
The iguana barely misses you.
Your Dodging skill increases to level 2!
You have reached level 3!
Your experience leads to an increase in your attributes!
Increase (S)trength, (I)ntelligence, or (D)exterity?
You feel stronger. x2
Your brain swirls with designs for an emergency subsystem.
You just need some more time...
Unknown command.
You hit the iguana with your +0 dagger.
The iguana is lightly wounded.
You barely miss the iguana with your +0 hand axe.
The iguana bites you.
Unknown command.
You closely miss the iguana with your +0 dagger.
The iguana is lightly wounded.
You completely miss the iguana with your +0 hand axe.
The iguana barely misses you.
Unknown command.
You hit the iguana with your +0 hand axe.
The iguana is moderately wounded.
You hit the gnoll bouda but do no damage.
You hit the iguana but do no damage. The iguana closely misses you.
The gnoll bouda hits you with a +0 whip of electrocution!
* * * LOW HITPOINT WARNING * * *
You are electrocuted!
Ouch! That really hurt!
You die...

####### #.....#
#########
#.....###.......# .
+.......'.......+ #
#......##.).....#
##.#.#.#(#.#)#...#
#.#...#.?.#g@.#..#
##.#.#.#.#.#l#.#.#
#...#...#...#...##
##.#.#.#.#.#.#.##
#####.#...#...#.$.#.
.....#.#.#.#.#.#.#.#.
#####...#...#.o.#. ##
#.#.#.#.#.#.
#...#...#.


You could see a gnoll bouda and an iguana.

Vanquished Creatures
  A hound (D:5)
  3 orcs (D:5)
  A quokka (D:5)
5 creatures vanquished.

Notes
Turn   | Place    | Note
-------+----------+-------------------------------------------
     0 | D:5      | pokedragonboy the Coglin Delver began the quest for the
                  | Orb.
     0 | D:5      | Reached XP level 1. HP: 18/18 MP: 1/1
   183 | D:5      | Noticed a hound
   185 | D:5      | Noticed a gnoll bouda
   188 | D:5      | Noticed an iguana
   190 | D:5      | Reached XP level 2. HP: 12/24 MP: 2/2
   191 | D:5      | Reached XP level 3. HP: 15/29 MP: 3/3
   193 | D:5      | HP: 1/29 [gnoll bouda/+0 whip of electrocution (9)]
   193 | D:5      | Demolished by a gnoll bouda

Illustrated notes

Levels and vault maps discovered:
D:5:      layout_basic, kennysheep_little_box, trog_butcher_becter,
          kennysheep_crisscross

Skill      XL: |  1  2 |
---------------+-------+-----
Dodging        | 2 |  2.2
Fighting       | |  3.4
Axes           | |  2.5
Stealth        | |  4.3

Action                     || total
---------------------------++-------
  Melee: Dagger            ||    23
         Hand axe          ||    23
 Armour: Leather armour    ||    15
  Dodge: Dodged            ||    14

Table legend: (Time is in decaauts)
 A = Elapsed time spent in this place.
 B = Non-inter-level travel time spent in this place.
 C = Inter-level travel time spent in this place.
 D = Time resting spent in this place.
 E = Time spent auto-exploring this place.
 F = Levels seen in this place.
 G = Mean time per level.
                   A        B        C        D        E       F      G
               +--------+--------+--------+--------+--------+-----+--------+
         Total |    195 |    195 |      0 |     25 |     87 |   1 |  195.0 |
       Dungeon |    195 |    195 |      0 |     25 |     87 |   1 |  195.0 |
               +--------+--------+--------+--------+--------+-----+--------+

Top non-repeatable levels by time:
     D:5: 195 daAuts
